 Dungeon Crawl Stone Soup version 0.23.2-1-ga50397a (webtiles) character file.

Game seed: 2966120739369956809

66 MalarOregon the Poker (level 4, -1/37 HPs)
             Began as a Merfolk Gladiator on May 8, 2019.
             Killed from afar by Sigmund (7 damage)
             ... with a wand of flame (19)
             ... on level 3 of the Dungeon.
             The game lasted 00:01:51 (1092 turns).

MalarOregon the Poker (Merfolk Gladiator)           Turns: 1092, Time: 00:01:51

Health: -1/37      AC:  4    Str: 15    XL:     4   Next: 15%
Magic:  4/4        EV: 14    Int:  7    God:
Gold:   121        SH:  0    Dex: 15    Spells: 3/3 levels left

rFire    . . .     SeeInvis .   a - +0 trident
rCold    . . .     Gourm    .   (no shield)
rNeg     . . .     Faith    .   b - +0 leather armour
rPois    .         Spirit   .   c - +0 helmet
rElec    .         Reflect  .   (no cloak)
rCorr    .         Harm     .   (no gloves)
MR       .....                  (no boots)
Stlth    +.........             (no amulet)
HPRegen  0.12/turn              (no ring)
MPRegen  0.09/turn              (no ring)

@: no status effects
A: change form in water, swift swim, stealthy swim
a: no special abilities


You were on level 3 of the Dungeon.
You were not hungry.

You visited 1 branch of the dungeon, and saw 3 of its levels.

You collected 121 gold pieces.

Inventory:

Hand Weapons
 a - a +0 trident (weapon)
Missiles
 d - 3 throwing nets (quivered) {!f}
Armour
 b - a +0 leather armour (worn)
 c - a +0 helmet (worn)
Jewellery
 h - an uncursed ring of see invisible {unknown}
   (You found it on level 1 of the Dungeon)
Wands
 f - a wand of scattershot (5)
   (You took it off a hobgoblin on level 3 of the Dungeon)
Scrolls
 g - 3 scrolls of identify {unknown}
 i - a scroll of remove curse {unknown}
 j - 2 scrolls of blinking {unknown}
 k - 3 scrolls of teleportation {unknown}
 l - a scroll of noise {unknown}
Potions
 m - a potion of curing {unknown}
 n - a potion of magic {unknown}
Comestibles
 e - 5 rations {!d}
 o - 4 chunks of flesh


   Skills:
 + Level 3.7 Fighting
 + Level 5.9 Polearms
 - Level 2.0 Throwing
 - Level 4.0 Dodging


You had 3 spell levels left.
You didn't know any spells.
Your spell library was empty.

Dungeon Overview and Level Annotations

Branches:
Dungeon (3/15)

Altars:

Annotations:
D:3 Sigmund


Message History

o - a chunk of flesh You see here a quokka skeleton. x2
Eating a chunk of flesh.
You eat the chunk of flesh.
A hobgoblin comes into view.
A hobgoblin is nearby!
A hobgoblin is nearby!
A hobgoblin is nearby!
The hobgoblin shouts!
You closely miss the hobgoblin. The hobgoblin misses you.
You barely miss the hobgoblin. The hobgoblin misses you.
You barely miss the hobgoblin. The hobgoblin hits you.
You closely miss the hobgoblin. The hobgoblin hits you.
You hit the hobgoblin. The hobgoblin misses you.
You closely miss the hobgoblin. The hobgoblin hits you.
You barely miss the hobgoblin. The hobgoblin closely misses you.
You hit the hobgoblin.
You kill the hobgoblin!
No target in view!
No target in view!
No target in view!
No target in view!
No target in view!
No target in view!
You butcher the hobgoblin corpse.
o - 4 chunks of flesh You see here a hobgoblin skeleton. x2
Sigmund the Dreaded comes into view.
He is wielding a +1 scythe of protection and carrying a wand of flame (21).
Sigmund casts a spell at you.
You are confused.
You bump into the rock wall.
Sigmund says, "Look into my eyes."
Sigmund points at you and mumbles some strange words.
You are more confused.
You bump into the rock wall.
You see here a hobgoblin skeleton.
You bump into the rock wall.
You bump into the rock wall.
You bump into the rock wall.
You feel less confused. Sigmund misses you.
Sigmund zaps a wand.
The puff of flame hits you!
* * * LOW HITPOINT WARNING * * *
You see here a hobgoblin skeleton.
Sigmund zaps a wand.
The puff of flame hits you!
* * * LOW HITPOINT WARNING * * *
Sigmund zaps a wand.
The puff of flame hits you!
You die...

########### #....
..@.......# #....
#########.# #.... #.#
#[... #@# #.... #÷#
###.. #.# #..
#@####################..
#......@...........÷....
########################


You could see Sigmund.

Vanquished Creatures
  A gnoll (D:2)
  An adder (D:3)
  An ooze (D:3)
  A dart slug (D:2)
  3 leopard geckos
  A giant cockroach (D:1)
  6 goblins
  6 hobgoblins
  7 kobolds
  3 quokkas
  A bat (D:1)
  6 rats
37 creatures vanquished.

Notes
Turn   | Place    | Note
-------+----------+-------------------------------------------
     0 | D:1      | MalarOregon the Merfolk Gladiator began the quest for the
                  | Orb.
     0 | D:1      | Reached XP level 1. HP: 16/16 MP: 1/1
   104 | D:1      | Reached XP level 2. HP: 20/23 MP: 2/2
   356 | D:1      | Reached skill level 5 in Polearms
   645 | D:2      | Found a faded altar of an unknown god.
   680 | D:2      | Reached XP level 3. HP: 26/29 MP: 3/3
   941 | D:3      | Reached XP level 4. HP: 36/36 MP: 4/4
  1072 | D:3      | Noticed Sigmund
  1092 | D:3      | Killed from afar by Sigmund

Skill      XL: |  1  2 |
---------------+-------+-----
Polearms       | 5 |  5.9
Fighting       | 3 |  3.7
Throwing       | |  2.0
Dodging        | |  4.0

Action                   |  1- 3 |  4- 6 || total
-------------------------+-------+-------++-------
Melee: Trident           |    93 |    28 ||   121
 Stab: Sleeping          |     1 |       ||     1
  Eat: Chunk             |       |     1 ||     1
Armor: Leather armour    |    20 |     3 ||    23
Dodge: Dodged            |    54 |    19 ||    73
